 Dungeon Crawl Stone Soup version 0.30-a0-860-g512cf1e979 (webtiles) character file.

Game seed: 3037781052511023952

2674 retardedninja the Blocker (level 9, -1/74 HPs)
             Began as a Gnoll Fighter on Mar 7, 2023.
             Succumbed to a killer bee's poison
             ... on level 7 of the Dungeon.
             The game lasted 00:10:40 (8044 turns).

retardedninja the Blocker (Gnoll Fighter)           Turns: 8044, Time: 00:10:40

Health: -1/74      AC: 15    Str: 19    XL:     9   Next: 63%
Magic:  15/15      EV:  9    Int:  8    God:
Gold:   305        SH:  6    Dex: 12    Spells: 17/17 levels left

rFire   . . .      SeeInvis +    a - +1 flail
rCold   . . .      Faith    .    c - +0 buckler
rNeg    + . .      Spirit   .    b - +0 chain mail
rPois   .          Reflect  .    t - +2 helmet
rElec   .          Rampage  .    (no cloak)
rCorr   .                        o - +0 pair of gloves
Will    .....                    (no boots) Stlth
                                 (no amulet)
HPRegen 0.32/turn                g - ring of see invisible
MPRegen 0.14/turn                s - ring of positive energy

@: lethally poisoned (-1 -> -14)
A: fangs 1, strong nose, distributed training
a: no special abilities


You were on level 7 of the Dungeon.
You visited 1 branch of the dungeon, and saw 7 of its levels.

You collected 305 gold pieces.

Inventory:

Hand Weapons
 a - a +1 flail (weapon)
Missiles
 r - 9 boomerangs (quivered)
Armour
 b - a +0 chain mail (worn)
 c - a +0 buckler (worn)
 o - a +0 pair of gloves (worn)
 t - a +2 helmet (worn)
Jewellery
 g - a ring of see invisible (left hand)
 s - a ring of positive energy (right hand)
Wands
 l - a wand of flame (9)
Scrolls
 d - 2 scrolls of vulnerability
 h - a scroll of brand weapon {unknown}
 i - 2 scrolls of poison
 j - 2 scrolls of teleportation
 k - a scroll of magic mapping
 m - a scroll of fear {unknown}
 n - a scroll of amnesia
 q - a scroll of acquirement {unknown}
 v - a scroll of noise
 y - a scroll of identify
Potions
 p - 2 potions of flight
 x - a potion of mutation {unknown}


   Skills:
 + Level 8.1 Fighting
 + Level 4.6 Short Blades
 + Level 4.6 Long Blades
 + Level 4.6 Axes
 + Level 6.6 Maces & Flails
 + Level 4.6 Polearms
 + Level 4.6 Staves
 + Level 4.6 Ranged Weapons
 + Level 4.6 Throwing
 + Level 8.1 Armour
 + Level 4.6 Dodging
 + Level 4.6 Stealth
 + Level 8.1 Shields
 + Level 4.6 Unarmed Combat
 + Level 4.6 Spellcasting
 + Level 3.8 Conjurations
 + Level 3.8 Hexes
 + Level 3.8 Summonings
 + Level 3.8 Necromancy
 + Level 3.8 Translocations
 + Level 3.8 Transmutations
 + Level 3.8 Fire Magic
 + Level 3.8 Ice Magic
 + Level 3.8 Air Magic
 + Level 3.8 Earth Magic
 + Level 3.8 Poison Magic
 + Level 5.1 Invocations
 + Level 4.6 Evocations


You had 17 spell levels left.
You didn't know any spells.
Your spell library contained the following spells:

 Spells                   Type           Power      Damage    Failure   Level
 Necrotise                Necr           28%        1d5       54%         1
 Vampiric Draining        Necr           7%         2d6       88%         3
 Agony                    Necr           7%         N/A       100%        5


Dungeon Overview and Level Annotations

Branches:
Dungeon (7/15)
 Temple: D:4-7

Altars:
Dithmenos
Sif Muna
Trog

Shops:
D:4 ?

Annotations:
D:4 3 runed translucent doors, Nabski's ghost, amateur TeFE


Innate Abilities, Weirdness & Mutations

You have very sharp teeth.
Your uncanny sense of smell can sniff out nearby items.
Your experience applies equally to all skills.


Message History

The killer bee barely misses you. The killer bee stings you.
* * * LOW HITPOINT WARNING * * *
You are more poisoned.
The killer bee poisons you!
The killer bee stings you but does no damage.
You block the killer bee's attack.
You miss the killer bee. Your bite misses the killer bee.
The killer bee is lightly wounded.
You feel very sick.
The killer bee stings you but does no damage.
The killer bee stings you.
* * * LOW HITPOINT WARNING * * *
You block the killer bee's attack.
The killer bee stings you but does no damage.
You barely miss the killer bee.
The killer bee is lightly wounded.
You feel sick.
The killer bee stings you but does no damage. x3
The killer bee barely misses you.
You miss the killer bee.
The killer bee is almost dead.
You feel sick. The killer bee closely misses you.
You block the killer bee's attack.
The killer bee stings you but does no damage. x2
You block the killer bee's attack.
The killer bee stings you but does no damage.
You closely miss the killer bee.
The killer bee is almost dead.
You feel sick. The killer bee barely misses you.
The killer bee stings you but does no damage.
The killer bee closely misses you.
The killer bee stings you but does no damage.
You sock the killer bee!
You kill the killer bee!
You feel sick. The killer bee stings you.
* * * LOW HITPOINT WARNING * * *
You are more poisoned.
The killer bee poisons you! The killer bee closely misses you.
It was a potion of cancellation.
You feel magically purged.
You die...

.................♣
......... #......♣
#......###......♣.
.#......##.......P.
...........y.......
..........##.....~~
........### ....#≈~
...#.##y.#......# . . #
#@.....#..#
#............#
..)...........#.......#.
..............#.........
....#.....###.....#....#
.......#....###...#....)
...##..##...........y...
#........................
#.................yy.....


You could see a killer bee.

Vanquished Creatures
  Joseph (D:7)
  Maggie (D:7)
  Prince Ribbit (D:5)
  Grinder (D:4)
  A water moccasin (D:7)
  Duvessa (D:5)
  2 black bears (D:5)
  2 ogres (D:6)
  3 phantoms
  A bullfrog (D:4)
  A gnoll sergeant (D:5)
  3 scorpions
  Dowan (D:5)
  A killer bee (D:7)
  3 jellies
  3 hounds
  2 orc priests
  A sleepcap (D:6)
  Robin (D:4)
  4 gnolls
  5 adders
  A white imp (D:6)
  A worm (D:2)
  4 dart slugs
  14 orcs
  6 endoplasms
  3 giant cockroaches
  20 goblins
  6 hobgoblins
  4 jackals (D:1)
  6 quokkas
  7 ball pythons
  7 bats
  3 frilled lizards
  8 kobolds
  5 rats
134 creatures vanquished.

Vanquished Creatures (others)
  A hound (D:5)
  5 fungi (D:5)
  3 plants (D:4)
9 creatures vanquished.

Grand Total: 143 creatures vanquished

Notes
Turn   | Place    | Note
-------+----------+-------------------------------------------
     0 | D:1      | retardedninja the Gnoll Fighter began the quest for the
                  | Orb.
     0 | D:1      | Reached XP level 1. HP: 23/23 MP: 1/1
   151 | D:1      | Reached XP level 2. HP: 29/29 MP: 2/2
   417 | D:1      | Found a faded altar of an unknown god.
   496 | D:1      | Reached XP level 3. HP: 35/35 MP: 3/3
  1024 | D:2      | Reached skill level 1 in Invocations
  1193 | D:2      | Reached skill level 1 in Short Blades
  1193 | D:2      | Reached skill level 1 in Long Blades
  1193 | D:2      | Reached skill level 1 in Axes
  1193 | D:2      | Reached skill level 1 in Polearms
  1193 | D:2      | Reached skill level 1 in Staves
  1193 | D:2      | Reached skill level 1 in Ranged Weapons
  1193 | D:2      | Reached skill level 1 in Throwing
  1193 | D:2      | Reached skill level 1 in Dodging
  1193 | D:2      | Reached skill level 1 in Stealth
  1193 | D:2      | Reached skill level 1 in Unarmed Combat
  1193 | D:2      | Reached skill level 1 in Spellcasting
  1193 | D:2      | Reached skill level 1 in Evocations
  1324 | D:2      | Reached XP level 4. HP: 18/41 MP: 5/5
  1560 | D:2      | You fall into a shaft and drop 2 floors!
  1583 | D:4      | Found Tutischu's Magic Scroll Shop.
  1674 | D:4      | Found a runed translucent gate.
  1677 | D:4      | Found a runed translucent gate.
  1678 | D:4      | Found a runed translucent gate.
  1799 | D:3      | Reached skill level 1 in Conjurations
  1799 | D:3      | Reached skill level 1 in Hexes
  1799 | D:3      | Reached skill level 1 in Summonings
  1799 | D:3      | Reached skill level 1 in Necromancy
  1799 | D:3      | Reached skill level 1 in Translocations
  1799 | D:3      | Reached skill level 1 in Transmutations
  1799 | D:3      | Reached skill level 1 in Fire Magic
  1799 | D:3      | Reached skill level 1 in Ice Magic
  1799 | D:3      | Reached skill level 1 in Air Magic
  1799 | D:3      | Reached skill level 1 in Earth Magic
  1799 | D:3      | Reached skill level 1 in Poison Magic
  2207 | D:3      | Found a bloodstained altar of Trog.
  2399 | D:3      | Noticed a scorpion
  2415 | D:3      | Killed a scorpion
  2416 | D:3      | Reached XP level 5. HP: 35/47 MP: 5/7
  2964 | D:4      | Noticed a phantom
  2975 | D:4      | Killed a phantom
  2976 | D:4      | Reached XP level 6. HP: 53/53 MP: 8/8
  3056 | D:4      | Noticed Nabski's ghost (amateur TeFE)
  3243 | D:4      | Noticed Robin
  3269 | D:4      | Killed Robin
  3270 | D:4      | Reached skill level 5 in Maces & Flails
  3805 | D:5      | Entered Level 5 of the Dungeon
  3805 | D:5      | Noticed Grinder
  3822 | D:4      | Killed Grinder
  3823 | D:4      | Reached XP level 7. HP: 44/60 MP: 8/10
  4289 | D:5      | Noticed Dowan
  4299 | D:5      | Killed Dowan
  4349 | D:5      | Noticed Duvessa
  4366 | D:5      | HP: 1/60 [Duvessa/+0 short sword (11)]
  4687 | D:5      | Killed Duvessa
  4690 | D:5      | Reached XP level 8. HP: 67/67 MP: 12/12
  5075 | D:5      | Noticed Prince Ribbit
  5089 | D:5      | Killed Prince Ribbit
  6282 | D:6      | Found a shadowy altar of Dithmenos.
  6421 | D:6      | Reached XP level 9. HP: 42/73 MP: 14/14
  6752 | D:6      | Found a shimmering blue altar of Sif Muna.
  7947 | D:7      | Noticed Maggie
  7956 | D:7      | Killed Maggie
  8001 | D:7      | Noticed Joseph
  8005 | D:7      | Noticed a hornet
  8008 | D:7      | Killed Joseph
  8009 | D:7      | Reached skill level 5 in Invocations
  8010 | D:7      | Paralysed by a hornet for 1 turns
  8043 | D:7      | HP: 1/74 [killer bee (4)]
  8044 | D:7      | Succumbed to a killer bee's poison

Illustrated notes

Levels and vault maps discovered:
D:1:      dpeg_arrival_rooms_b, layout_basic, serial_rivers,
          chequers_serial_rivers_micro_b, chequers_serial_rivers_room_a,
          chequers_serial_rivers_micro_d, chequers_serial_rivers_micro_d,
          ebering_ecumenical_altar_hall, minivault_24, minmay_split_cup_small
D:2:      layout_basic
D:3:      layout_basic, lemuel_coloured_pillars_altar
D:4:      layout_gridville, gammafunk_ghost_split, serial_forest,
          infiniplex_forest_end_double, infiniplex_forest_lined_2,
          infiniplex_forest_corner_1, infiniplex_forest_clump_curved,
          infiniplex_forest_lined_1, infiniplex_forest_zigzag_1,
          infiniplex_forest_pool, infiniplex_forest_lined_corner,
          infiniplex_forest_corner_1, minmay_shop_grid_forest, st_stairs_4,
          minmay_misc_feat_chi, item_on_display_a, uniq_robin
D:5:      layout_loops_ring, serial_aquarium, aquarium_bridge_straight
          [aquarium_subvault_bridge, aquarium_subvault_wall,
          aquarium_subvault_bridge, aquarium_subvault_wall], aquarium_window_1,
          aquarium_window_corridor_1, aquarium_view_2c, aquarium_view_2d,
          aquarium_balcony_3b, aquarium_pool_1, minmay_door_square,
          uniq_prince_ribbit1, uniq_grinder, uniq_duvessa
D:6:      layout_loops_ring, grunt_dithmenos_shadows, kennysheep_mini,
          minmay_ogre_servants
D:7:      kennysheep_housing_project, layout_cave_pools,
          nicolae_elyvilon_peaceful_grove,
          minmay_temple_entry_statues_fountains, eino_jars, uniq_joseph,
          uniq_crazy_yiuf_cottage, uniq_maggie

Skill      XL: |  1  2  3  4  5  6  7  8  9 |
---------------+----------------------------+-----
Invocations    | 1 2 3 4 5 |  5.1
Short Blades   | 1 2 3 4 |  4.6
Long Blades    | 1 2 3 4 |  4.6
Axes           | 1 2 3 4 |  4.6
Polearms       | 1 2 3 4 |  4.6
Staves         | 1 2 3 4 |  4.6
Ranged Weapons | 1 2 3 4 |  4.6
Throwing       | 1 2 3 4 |  4.6
Dodging        | 1 2 3 4 |  4.6
Stealth        | 1 2 3 4 |  4.6
Unarmed Combat | 1 2 3 4 |  4.6
Spellcasting   | 1 2 3 4 |  4.6
Evocations     | 1 2 3 4 |  4.6
Conjurations   | 1 2 3 |  3.8
Hexes          | 1 2 3 |  3.8
Summonings     | 1 2 3 |  3.8
Necromancy     | 1 2 3 |  3.8
Translocations | 1 2 3 |  3.8
Transmutations | 1 2 3 |  3.8
Fire Magic     | 1 2 3 |  3.8
Ice Magic      | 1 2 3 |  3.8
Air Magic      | 1 2 3 |  3.8
Earth Magic    | 1 2 3 |  3.8
Poison Magic   | 1 2 3 |  3.8
Maces & Flails | 5 6 |  6.6
Fighting       | 7 8 |  8.1
Armour         | 7 8 |  8.1
Shields        | 7 8 |  8.1

Action                     |  1- 3 |  4- 6 |  7- 9 || total
---------------------------+-------+-------+-------++-------
  Melee: Flail             |   118 |   124 |   268 ||   510
         Bite              |     7 |    10 |    19 ||    36
  Throw: Boomerang         |       |       |    22 ||    22
  Evoke: Wand              |       |       |    11 ||    11
    Use: Potion            |     2 |     2 |     8 ||    12
         Scroll            |       |     7 |    12 ||    19
   Stab: Invisible         |       |     1 |     1 ||     2
 Armour: Scale mail        |    63 |    66 |       ||   129
         Chain mail        |       |    16 |   189 ||   205
         Skin              |       |       |     7 ||     7
  Dodge: Dodged            |    60 |    74 |   131 ||   265
  Block: Buckler           |    35 |    42 |    94 ||   171

Table legend: (Time is in decaauts)
 A = Elapsed time spent in this place.
 B = Non-inter-level travel time spent in this place.
 C = Inter-level travel time spent in this place.
 D = Time resting spent in this place.
 E = Time spent auto-exploring this place.
 F = Levels seen in this place.
 G = Mean time per level.
                   A        B        C        D        E       F      G
               +--------+--------+--------+--------+--------+-----+--------+
         Total |   8102 |   7873 |    229 |   2246 |   4378 |   7 | 1157.4 |
       Dungeon |   8102 |   7873 |    229 |   2246 |   4378 |   7 | 1157.4 |
               +--------+--------+--------+--------+--------+-----+--------+

Top non-repeatable levels by time:
     D:5: 2104 daAuts
     D:4: 1389 daAuts
     D:6: 1328 daAuts
     D:1: 1032 daAuts
     D:3: 891 daAuts
     D:2: 857 daAuts
     D:7: 498 daAuts
